 Dungeon Crawl Stone Soup version 0.22-a0-443-g17c3723 (webtiles) character file.

5 Gorglomux the Shield-Bearer (level 1, 0/14 HPs)
             Began as a Gargoyle Fighter on June 1, 2018.
             Slain by an orc
             ... wielding a +0 club
              (2 damage)
             ... on level 2 of the Dungeon.
             The game lasted 00:00:18 (125 turns).

Gorglomux the Shield-Bearer (Gargoyle Fighter)       Turns: 125, Time: 00:00:19

Health: 0/14       AC:  9    Str: 19    XL:     1   Next: 80%
Magic:  1/1        EV:  7    Int:  8    God:
Gold:   0          SH:  9    Dex:  9    Spells: 0/0 levels left

rFire    . . .     SeeInvis .   a - +0 war axe
rCold    . . .     Gourm    .   c - +0 shield
rNeg     + . .     Faith    .   b - +0 scale mail
rPois    ∞         Spirit   .   (no helmet)
rElec    +         Reflect  .   (no cloak)
rCorr    .         Harm     .   (no gloves)
MR       .....                  (no boots)
Stlth    ..........             (no amulet)
HPRegen  0.04/turn              (no ring)
MPRegen  0.07/turn              (no ring)

@: very slightly contaminated
A: negative energy resistance 1, electricity resistance, unbreathing,
petrification resistance, rot immunity, AC +2
a: no special abilities


You were on level 2 of the Dungeon.
You were not hungry.

You visited 1 branch of the dungeon, and saw 2 of its levels.

Inventory:

Hand Weapons
 a - a +0 war axe (weapon)
Armour
 b - a +0 scale mail (worn)
 c - a +0 shield (worn)
 i - a +1 helmet
Scrolls
 h - a scroll of identify {unknown}
Potions
 d - a potion of might
Comestibles
 f - 2 rations


   Skills:
 + Level 3.4 Fighting
 + Level 1.9 Axes
 + Level 3.4 Armour
 + Level 3.4 Shields


You couldn't memorise any spells.
You didn't know any spells.
Your spell library was empty.

Dungeon Overview and Level Annotations

Branches:
Dungeon (2/15)

Altars:


Innate Abilities, Weirdness & Mutations

You are resistant to torment.
Your stone body is resilient. (AC +2)
You are immune to poison.
You resist negative energy. (rN+)
You are resistant to electric shocks. (rElec)
You can survive without breathing.
You are immune to petrification.
You are immune to rotting.


Message History

* * * don't die
* * * You butt the orc like a ham!
The orc is severely wounded!
You flicker for a moment!
The orc butt-ly misses you! The orc hits you but does no damage!
A bat comes into view!
The bat barely misses you! x2
You completely miss the bat! You barely miss the orc!
You flicker butt into view!
The bat closely misses butt!
The orc butts you but does no damage!
Butt block the bat's attack!
You chop the bat into pieces!!!
You annihilate the bat!!!
You cut the orc butt do butt damage!
Butt block the orc's attack!
You see here a bat corpse!
Found 17 gold pieces!
You see here a runed helmet!
i - a butt helmet The orc hits you with a club! rip

$# #.# ##### ##.#
...# .#.#
###.#######.#.##
#..............#
#.#......#.##.##
#.#<...........#
#.#.@o.<....#.##
#.#.#.%.#...#.#
#o#.#.###...#.#
#######.#.#.......#.#
........#.######..#.#
........#.........#.#
................#.#.#
######......... #†#
#..####### #.#


You could see an orc.

Vanquished Creatures
  A dart slug (D:1)
  2 bats
  A rat (D:1)
4 creatures vanquished.

Notes
Turn   | Place    | Note
-------+----------+-------------------------------------------
     0 | D:1      | Gorglomux the Gargoyle Fighter began the quest for the Orb.
     0 | D:1      | Reached XP level 1. HP: 14/14 MP: 1/1
     6 | D:1      | Noticed a lindwurm
     6 | D:1      | Noticed a redback
     6 | D:1      | Noticed a water moccasin
     7 | D:1      | Noticed a wolf
     7 | D:1      | Noticed a komodo dragon
    68 | D:2      | Noticed an orc wizard
   125 | D:2      | Slain by an orc

Vault maps used:
D:1:      onia_arrival_zoo_common, st_stairs_11
D:2:      led_sif_pool, first_ration

Action                   || total
-------------------------++-------
Melee: War axe           ||    17
  Use: Potion            ||     1
Armor: Scale mail        ||    11
Dodge: Dodged            ||    12
Block: Shield            ||    12

Table legend:
 A = Spawn XP
 B = Non-spawn XP
 C = Spawn XP percentage of total XP
 D = Spawn monster count
 E = Non-spawn monster count
 F = Spawn count percentage of total count
 G = Total turns spent on level
                    A         B        C        D         E        F      G
               +---------+---------+-------+---------+---------+-------+---------
         Total |       0 |       8 |   0.0 |       0 |       4 |   0.0 |   125
               +---------+---------+-------+---------+---------+-------+---------
           D:1 |       0 |       6 |   0.0 |       0 |       3 |   0.0 |    68
           D:2 |       0 |       2 |   0.0 |       0 |       1 |   0.0 |    57
               +---------+---------+-------+---------+---------+-------+---------
